 Dungeon Crawl Stone Soup version 0.23.0 (webtiles) character file.

Game seed: 11410180724660137556

70 Folque the Digger (level 4, 0/36 HPs)
             Began as a Draconian Earth Elementalist on Feb 13, 2019.
             Slain by an iguana (7 damage)
             ... on level 1 of the Dungeon.
             The game lasted 00:05:25 (1464 turns).

Folque the Digger (Draconian Earth Elementalist)    Turns: 1464, Time: 00:05:25

Health: 0/36       AC:  5    Str: 10    XL:     4   Next: 4%
Magic:  0/8        EV: 12    Int: 17    God:
Gold:   125        SH:  0    Dex: 11    Spells: 2/8 levels left

rFire    . . .     SeeInvis .   j - +1 dagger (pain)
rCold    . . .     Gourm    .   (no shield)
rNeg     . . .     Faith    .   (armour unavailable)
rPois    .         Spirit   .   (helmet restricted)
rElec    .         Reflect  .   (no cloak)
rCorr    .         Harm     .   (no gloves)
MR       .....                  (no boots)
Stlth    ++........             (no amulet)
HPRegen  0.12/turn              (no ring)
MPRegen  0.11/turn              (no ring)

@: very slightly contaminated
A: unfitting armour, cold-blooded, AC +5
a: no special abilities


You were on level 1 of the Dungeon.
You were hungry.

You visited 1 branch of the dungeon, and saw 2 of its levels.

You collected 125 gold pieces.

Inventory:

Hand Weapons
 d - a +0 mace
 e - a +0 dagger
 j - a +1 dagger of pain (weapon)
Missiles
 b - 71 stones (quivered)
Jewellery
 i - an uncursed ring of positive energy {unknown}
Scrolls
 f - a scroll of immolation {unknown}
 h - 2 scrolls of remove curse {unknown}
 k - a scroll of identify {unknown}
 l - a scroll of magic mapping {unknown}
Potions
 g - a potion of might {unknown}
Comestibles
 c - 2 rations


   Skills:
 - Level 2.0 Fighting
 - Level 1.7 Dodging
 - Level 1.7 Stealth
 * Level 2.9 Spellcasting
 + Level 0.4 Conjurations
 - Level 1.0 Transmutations
 + Level 3.6 Earth Magic


You had 2 spell levels left.
You knew the following spells:

 Your Spells              Type           Power        Failure   Level  Hunger
a - Sandblast             Erth           ##....       4%          1    None
b - Passwall              Tmut/Erth      ##......     11%         2    ##.....
c - Stone Arrow           Conj/Erth      #.....       22%         3    ###....

Your spell library contained the following spells:

 Spells                   Type           Power        Failure   Level  Hunger
 Petrify                  Tmut/Erth      ##......     56%         4    ####...
 Lee's Rapid Deconstruct  Erth           ##........   73%         5    ######.


Dungeon Overview and Level Annotations

Branches:
Dungeon (2/15)

Altars:


Innate Abilities, Weirdness & Mutations

Your plain brown scales are hard. (AC +5)
You cannot fit into any form of body armour.
You are cold-blooded and may be slowed by cold attacks.


Message History

Your magical contamination has completely faded away.
Casting: Sandblast (safe; 4% risk of failure)
Confirm with . or Enter, or press ? or * to list all spells.
Aiming: Stone Arrow (safe; 22% risk of failure)
Press: ? - help, Shift-Dir - straight line, f/p - iguana
Aim: an iguana (moderately wounded)
You miscast Stone Arrow.
You are very lightly contaminated with residual magic.
You smell something strange.
The iguana bites you but does no damage.
Casting: Stone Arrow (safe; 22% risk of failure)
Confirm with . or Enter, or press ? or * to list all spells.
Aiming: Passwall (safe; 11% risk of failure)
Press: ? - help, Dir - move target cursor, p - iguana A rock wall.
The iguana bites you!
* * * LOW HITPOINT WARNING * * *
You begin to meditate on the wall.
You continue meditating on the rock.
The iguana bites you!
You die...

#.##...........# #..........#.#
#.##...........# #..........#.#
#........[.....# ##........##.##
##.............# ##............#
##.#...........# #..........#..#
##.#..........## #.............#
......#.#####.#####.............#
...##)#.##.......##.>...........#
.####.#.##.....l@#..............#
## #............#.#........>#...
# ###....................#.#.#. #
##.#........#..########.#.#.
#..#...........#######..#...
######.###........#..............
#.................######.........
#........#####....# ##.........
#........##....##.#####..........


You could see an iguana.

Vanquished Creatures
  3 adders (D:2)
  An ooze (D:1)
  A dart slug (D:1)
  A leopard gecko (D:2)
  4 goblins (D:1)
  7 hobgoblins
  A quokka (D:2)
  2 ball pythons
  10 bats
  A frilled lizard (D:1)
  3 kobolds
  4 rats
38 creatures vanquished.

Notes
Turn   | Place    | Note
-------+----------+-------------------------------------------
     0 | D:1      | Folque the Draconian Earth Elementalist began the quest for
                  | the Orb.
     0 | D:1      | Reached XP level 1. HP: 14/14 MP: 3/3
    87 | D:1      | Reached skill level 1 in Fighting
   123 | D:1      | Reached XP level 2. HP: 4/23 MP: 1/5
   625 | D:1      | Reached XP level 3. HP: 26/29 MP: 2/6
   980 | D:2      | Learned a level 2 spell: Passwall
   985 | D:2      | Learned a level 3 spell: Stone Arrow
  1039 | D:2      | Reached XP level 4. HP: 31/36 MP: 4/8
  1464 | D:1      | Slain by an iguana

Skill      XL: |  1  2  3 |
---------------+----------+-----
Fighting       | 1 2 |  2.0
Dodging        | |  1.7
Stealth        | |  1.7
Spellcasting   | |  2.9
Conjurations   | |  0.4
Transmutations | |  1.0
Earth Magic    | |  3.6

Action                   |  1- 3 |  4- 6 || total
-------------------------+-------+-------++-------
Melee: Unarmed           |    34 |       ||    34
       Tailslap          |     8 |       ||     8
       Mace              |    28 |       ||    28
       Dagger            |    36 |     7 ||    43
 Cast: Sandblast         |    30 |     6 ||    36
       Stone Arrow       |     1 |     2 ||     3
       Passwall          |       |     2 ||     2
 Stab: Sleeping          |     2 |       ||     2
  Eat: Chunk             |     1 |     1 ||     2
Armor: Skin              |    33 |     1 ||    34
Dodge: Dodged            |    88 |     9 ||    97
